 Dungeon Crawl Stone Soup version 0.28-a0-1117-g0bdd5ba030 (webtiles) character file.

Game seed: 4731933624067176619

62 ducksouse the Slasher (level 4, -3/35 HPs)
             Began as a Human Berserker on Dec 12, 2021.
             Was a Follower of Trog.
             Slain by a worm (4 damage)
             ... on level 3 of the Dungeon.
             The game lasted 00:10:57 (2731 turns).

ducksouse the Slasher (Human Berserker)             Turns: 2731, Time: 00:10:57

Health: -3/35      AC:  7    Str: 20    XL:     4   Next: 28%
Magic:  4/4        EV: 12    Int:  7    God:    Trog [*.....]
Gold:   92         SH:  0    Dex: 12    Spells: 3/3 levels left

rFire   . . .      SeeInvis .   a - +0 falchion
rCold   . . .      Faith    .   (no shield)
rNeg    . . .      Spirit   .   n - +3 leather armour
rPois   .          Reflect  .   (no helmet)
rElec   .          Harm     .   (no cloak)
rCorr   .          Rampage  .   (no gloves)
Will    .....                   j - +0 pair of boots
Stlth   +.........              (no amulet)
HPRegen 0.11/turn               (no ring)
MPRegen 0.09/turn               (no ring)

@: on berserk cooldown, attractive, slowed, very slow
A: no striking features
a: Renounce Religion, Berserk


You were on level 3 of the Dungeon.
You worshipped Trog.
Trog was aware of your devotion.
You visited 1 branch of the dungeon, and saw 3 of its levels.

You collected 92 gold pieces.

Inventory:

Hand Weapons
 a - a +0 falchion (weapon)
Missiles
 f - 95 stones
 m - 3 javelins (quivered)
Armour
 b - a +0 animal skin
 g - a +0 ring mail
 j - a +0 pair of boots (worn)
 n - a +3 leather armour (worn)
Wands
 k - a wand of mindburst (5)
Scrolls
 d - 3 scrolls of teleportation
 h - a scroll of identify {unknown}
 l - a scroll of amnesia {unknown}
Potions
 c - a potion of attraction
 e - a potion of might {unknown}
 i - a potion of heal wounds {unknown}


   Skills:
 + Level 3.4 Fighting
 + Level 3.5 Long Blades
 + Level 2.6 Armour
 + Level 2.7 Dodging


You had 3 spell levels left.
You didn't know any spells.
Your spell library contained the following spells:

 Spells                   Type           Power      Damage    Failure   Level
 Slow                     Hex            0%         N/A       47%         1
 Confusing Touch          Hex            0%         N/A       85%         3
 Vampiric Draining        Necr           0%         2d6       85%         3


Dungeon Overview and Level Annotations

Branches:
Dungeon (3/15)

Altars:
Trog

Annotations:
D:3 Terence


Message History

The slug dart hits you but does no damage.
Terence hits you but does no damage. Terence hits you with a +0 mace!
You hit Terence but do no damage. Terence hits you but does no damage.
You closely miss Terence.
Your skin stops crawling.
You feel less strong-willed. Terence barely misses you.
The worm barely misses you. Terence hits you with a +0 mace.
It was a potion of attraction.
You feel attractive to monsters. Terence closely misses you.
The worm bites you but does no damage. Terence hits you with a +0 mace.
You barely miss the dart slug.
The dart slug bites you but does no damage.
Terence closely misses you. The worm closely misses you.
You hit the dart slug.
The dart slug is moderately wounded.
Terence hits you with a +0 mace.
* * * LOW HITPOINT WARNING * * *
The dart slug launches a dart at you.
The slug dart hits you but does no damage.
The worm bites you but does no damage. Terence hits you with a +0 mace.
* * * LOW HITPOINT WARNING * * *
Okay, then.
You hit Terence but do no damage. Terence misses you.
The dart slug closely misses you. The worm misses you.
Terence hits you but does no damage.
The dart slug bites you but does no damage.
You hit Terence but do no damage. Terence hits you but does no damage.
The worm bites you.
* * * LOW HITPOINT WARNING * * *
The dart slug closely misses you.
Terence says, "Don't bother to defend, it's useless."
Terence hits you with a +0 mace.
* * * LOW HITPOINT WARNING * * *
You hit Terence but do no damage. The worm closely misses you.
Terence closely misses you. The dart slug launches a dart at you.
The slug dart misses you.
You closely miss Terence. Terence closely misses you. The worm bites you.
You die...

##................#
#.................#
#####...............#
##...##..............#
##[≈[..##.............#
##..≈≈≈##.........|....
##_...[[[.†...>........
##.^≈≈≈##.......w......
##.≈≈..##......@@......
##...###.##....w.....#
##### #<##..........#
#.###.......... #.#
#..$.....## #.#
#....$..... #.#
#........## #.#
#........# #.#


You could see Terence, a worm and a dart slug.

Vanquished Creatures
  2 adders (D:3)
  A worm (D:2)
  A dart slug (D:3)
  5 ball pythons
  2 endoplasms (D:1)
  A giant cockroach (D:2)
  8 goblins
  2 hobgoblins
  2 quokkas
  4 bats
  2 frilled lizards (D:1)
  6 kobolds
  5 rats (D:1)
41 creatures vanquished.

Vanquished Creatures (others)
  A fungus (D:1)
  2 plants (D:1)
3 creatures vanquished.

Grand Total: 44 creatures vanquished

Notes
Turn   | Place    | Note
-------+----------+-------------------------------------------
     0 | D:1      | ducksouse the Human Berserker began the quest for the Orb.
     0 | D:1      | Reached XP level 1. HP: 18/18 MP: 1/1
   617 | D:1      | Reached XP level 2. HP: 24/24 MP: 2/2
  1046 | D:1      | Found a faded altar of an unknown god.
  1123 | D:1      | Reached XP level 3. HP: 23/29 MP: 3/3
  1778 | D:2      | Reached ** piety under Trog
  2597 | D:3      | Found a bloodstained altar of Trog.
  2618 | D:3      | Reached XP level 4. HP: 22/35 MP: 4/4
  2715 | D:3      | Noticed Terence
  2729 | D:3      | HP: 1/35 [Terence (1)]
  2731 | D:3      | Slain by a worm

Illustrated notes

Levels and vault maps discovered:
D:1:      sevenhm_arrival_forest_fort_large_2, layout_loops_ring,
          shapermc_ecumenical_altar_ellora
D:2:      layout_loops_ring, chequers_serial_rivers_marsh
D:3:      layout_rooms, trog_hazing_becter, supply_closet_lemuel,
          nicolae_underground_beach, uniq_terence, uniq_jessica

Action                   |  1- 3 |  4- 6 || total
-------------------------+-------+-------++-------
Melee: Falchion          |   131 |    29 ||   160
Throw: Javelin           |       |     1 ||     1
Invok: Berserk           |     1 |     1 ||     2
       Trog's Hand       |       |     2 ||     2
  Use: Scroll            |     1 |       ||     1
       Potion            |       |     1 ||     1
Armor: Animal skin       |    30 |       ||    30
       Ring mail         |    11 |       ||    11
       Leather armour    |     6 |    25 ||    31
Dodge: Dodged            |   105 |    44 ||   149

Table legend: (Time is in decaauts)
 A = Elapsed time spent in this place.
 B = Non-inter-level travel time spent in this place.
 C = Inter-level travel time spent in this place.
 D = Time resting spent in this place.
 E = Time spent auto-exploring this place.
 F = Levels seen in this place.
 G = Mean time per level.
                   A        B        C        D        E       F      G
               +--------+--------+--------+--------+--------+-----+--------+
         Total |   2773 |   2737 |     36 |    647 |    480 |   3 |  924.3 |
       Dungeon |   2773 |   2737 |     36 |    647 |    480 |   3 |  924.3 |
               +--------+--------+--------+--------+--------+-----+--------+

Top non-repeatable levels by time:
     D:1: 1692 daAuts
     D:2: 925 daAuts
     D:3: 155 daAuts
